 Dungeon Crawl Stone Soup version 0.31-a0-257-gf185e81a89 (webtiles) character file.

Game seed: 5131635521866110754

52 qw the Shooter (level 3, -2/21 HPs)
             Began as a Gargoyle Hexslinger on July 12, 2023.
             Slain by Pargi (3 damage)
             ... on level 3 of the Dungeon.
             The game lasted 00:00:35 (1340 turns).

qw the Shooter (Gargoyle Hexslinger)                Turns: 1340, Time: 00:00:36

Health: -2/21      AC:  9    Str: 11    XL:     3   Next: 85%
Magic:  4/4        EV: 15    Int: 13    God:
Gold:   145        SH:  0    Dex: 14    Spells: 3/4 levels left

rFire   . . .        Y - +1 sling
rCold   . . .        (no shield)
rNeg    + . .        g - +0 ring mail
rPois   inf          f - +0 helmet
rElec   +            (no cloak)
rCorr   .            (no gloves)
SInv    .            (no boots)
Will    .....        (no amulet)
Stlth   +            e - +5 ring of evasion
HPRegen 0.23/turn    (no ring)
MPRegen 0.09/turn

%: no passive effects
@: no status effects
A: sickness immunity, AC +3, negative energy resistance 1, electricity
resistance, torment resistance 1, petrification resistance
a: no special abilities


You were on level 3 of the Dungeon.
You visited 1 branch of the dungeon, and saw 3 of its levels.

You collected 145 gold pieces.


Innate Abilities, Weirdness & Mutations

You are immune to sickness and miasma.
Your stone body is resilient. (AC +3)
You are immune to poison.
You resist negative energy. (rN+)
You are resistant to electric shocks. (rElec)
You are resistant to unholy torment.
You are immune to petrification.


   Skills:
 - Level 2.0 Fighting
 + Level 3.5 Ranged Weapons
 - Level 1.0 Armour
 - Level 1.5 Dodging
 - Level 1.0 Spellcasting
 - Level 2.6 Hexes


You had 3 spell levels left.
You knew the following spells:

 Your Spells              Type           Power      Damage    Failure   Level
a - Slow                  Hex            28%        N/A       22%         1

Your spell library contained the following spells:

 Spells                   Type           Power      Damage    Failure   Level
 Inner Flame              Hex/Fire       4%         N/A       75%         3
 Portal Projectile        Hex/Tloc       8%         N/A       75%         3
 Cause Fear               Hex            3%         N/A       91%         4

Inventory:

Hand Weapons
 Y - a +1 sling (weapon)
Armour
 f - a +0 helmet (worn)
 g - a +0 ring mail (worn)
Jewellery
 a - a ring of magical power
 e - a +5 ring of evasion (left hand)
Scrolls
 d - a scroll of teleportation {unknown}
 l - 2 scrolls of revelation {unknown}
Potions
 b - 2 potions of enlightenment {unknown}
 c - a potion of heal wounds {unknown}
 h - a potion of haste {unknown}
 i - a potion of degeneration {unknown}
 j - 3 potions of curing
 k - a potion of resistance {unknown}

Dungeon Overview and Level Annotations

Branches:
Dungeon (3/15)

Altars:
Yredelemnul

Annotations:
D:3 Pargi


Message History

Enter note:
Enter note: You shoot a sling bullet.
Pargi shouts!
The sling bullet hits Pargi.
Pargi is lightly wounded.
You shoot a sling bullet. The sling bullet hits Pargi.
Pargi is moderately wounded.
You shoot a sling bullet.
The sling bullet completely misses Pargi.
Pargi bites you but does no damage. Pargi misses you.
Pargi claws you but does no damage.
You shoot a sling bullet. The sling bullet hits Pargi!
Pargi is moderately wounded.
Pargi bites you but does no damage. Pargi barely misses you. Pargi misses you.
You shoot a sling bullet. The sling bullet barely misses Pargi.
Pargi bites you but does no damage. Pargi barely misses you.
Pargi closely misses you.
You shoot a sling bullet. The sling bullet closely misses Pargi.
Pargi bites you. Pargi barely misses you. Pargi claws you but does no damage.
Pargi bites you. Pargi barely misses you. Pargi completely misses you.
You shoot a sling bullet. The sling bullet barely misses Pargi.
Pargi bites you but does no damage. Pargi misses you. Pargi barely misses you.
You shoot a sling bullet. The sling bullet closely misses Pargi.
Pargi bites you but does no damage. Pargi claws you but does no damage.
Pargi barely misses you. Pargi bites you but does no damage.
Pargi misses you. x2
You shoot a sling bullet. The sling bullet hits Pargi.
Pargi is moderately wounded.
Pargi bites you but does no damage. Pargi claws you. x2
You shoot a sling bullet. The sling bullet hits Pargi.
Pargi is moderately wounded.
Pargi bites you! Pargi misses you. Pargi barely misses you.
You shoot a sling bullet. The sling bullet closely misses Pargi.
Pargi bites you.
Pargi misses you. x3; Pargi claws you but does no damage.
Pargi closely misses you.
You shoot a sling bullet. The sling bullet hits Pargi.
Pargi is moderately wounded.
Pargi snarls, "Go!
Away!"
Pargi closely misses you. x2; Pargi claws you.
You die...

####### #
#.....# ..#
#@###).... #
#.T.......
#.###.###.....
#.....## ..#
###....####.##
####........
##...#####
##########.....#
#..............#


You could see Pargi.

Vanquished Creatures
  An adder (D:3)
  An orc (D:3)
  5 bats
  5 endoplasms
  2 giant cockroaches
  6 goblins
  2 hobgoblins
  3 quokkas (D:3)
  4 ball pythons
  3 frilled lizards
  4 kobolds
  4 rats (D:1)
40 creatures vanquished.

Notes
Turn   | Place    | Note
-------+----------+-------------------------------------------
     0 | D:1      | qw the Gargoyle Hexslinger began the quest for the Orb.
     0 | D:1      | Reached XP level 1. HP: 12/12 MP: 2/2
     0 | D:1      | 0 ||| qw: Version: 0.3-a-52-g30416fa
     0 | D:1      | 0 ||| qw: Game counter: 6808
     0 | D:1      | 0 ||| qw: Melee chars always use a shield: true
     0 | D:1      | 0 ||| qw: God list: Okawaru
     0 | D:1      | 0 ||| qw: Allow faded altars: false
     0 | D:1      | 0 ||| qw: Do Orc after clearing Dungeon:15 true
     0 | D:1      | 0 ||| qw: Do second Lair branch before Depths: true
     0 | D:1      | 0 ||| qw: Lair rune preference: random
     0 | D:1      | 0 ||| qw: Goals: Normal
     0 | D:1      | 0 ||| PLANNING D:1-11
   208 | D:1      | HP: 3/12 [frozen (3)]
   209 | D:1      | HP: 1/12 [frozen (2)]
   211 | D:1      | Reached XP level 2. HP: 2/16 MP: 3/3
   397 | D:1      | Reached skill level 3 in Ranged Weapons
   596 | D:1      | 596 ||| UPGRADING to +0 helmet.
   603 | D:1      | 603 ||| UPGRADING to +0 ring mail.
   611 | D:1      | 611 ||| UPGRADING to +0 robe.
   616 | D:1      | 616 ||| UPGRADING to +0 ring mail.
   626 | D:1      | 626 ||| DROPPING +0 robe.
   836 | D:1      | 836 ||| UPGRADING to +5 ring of evasion.
   837 | D:1      | 837 ||| READING scroll labelled TONESH NOECKY.
   838 | D:1      | 838 ||| READING scroll labelled DEBBUI OGHA.
   839 | D:1      | 839 ||| READING scroll labelled BURAUGEKKI.
   840 | D:1      | 840 ||| READING scroll labelled DUUCEVE JAFIL.
   841 | D:1      | 841 ||| DRINKING 3 metallic inky potions.
   842 | D:1      | 842 ||| DROPPING scroll of poison.
   911 | D:2      | Reached XP level 3. HP: 21/21 MP: 4/4
   935 | D:2      | You fall into a shaft and drop 1 floor!
   936 | D:3      | 936 ||| PLANNING SEWER
  1108 | D:3      | Found a basalt altar of Yredelemnul.
  1111 | D:3      | Reached skill level 1 in Armour
  1328 | D:3      | Noticed Pargi
  1339 | D:3      | HP: 1/21 [Pargi (6)]
  1340 | D:3      | Slain by Pargi

Levels and vault maps discovered:
D:1:      dpeg_arrival_concentric_ovals, layout_basic,
          dreamdust_mushroom_princess, minmay_heptomino_o4
D:2:      layout_loops_ring, uniq_sigmund
D:3:      layout_loops_ring, grunt_temple_overflow_holy_war,
          portal_sewer_entry_b, uniq_pargi

Skill      XL: |  1  2  3 |
---------------+----------+-----
Ranged Weapons | 3 |  3.5
Fighting       | 2 |  2.0
Armour         | 1 |  1.0
Dodging        | |  1.5
Spellcasting   | |  1.0
Hexes          | |  2.6

Action                     || total
---------------------------++-------
   Fire: Sling             ||   132
    Use: Scroll            ||     4
         Potion            ||     1
 Armour: Robe              ||    10
         Ring mail         ||    30
         Skin              ||     1
  Dodge: Dodged            ||    64

Table legend:
 A = Non-vault XP
 B = Vault XP
 C = Vault XP percentage of total XP
 D = Non-vault monster count
 E = Vault monster count
 F = Vault count percentage of total count
                 A         B        C        D         E       F
            +---------+---------+-------+---------+---------+-------
      Total |      71 |       4 |   5.3 |      37 |       3 |   7.5
            +---------+---------+-------+---------+---------+-------
        D:1 |      29 |       4 |  12.1 |      19 |       3 |  13.6
        D:2 |       3 |       0 |   0.0 |       2 |       0 |   0.0
        D:3 |      39 |       0 |   0.0 |      16 |       0 |   0.0
            +---------+---------+-------+---------+---------+-------
